[ AOE2 MATCH · #504907976 ]
UnrankedKhmer vs Magyars
[ REPLAY ANALYSIS · EXTRACTED FROM THE RECORDED GAME ]
Feudal
11:56
Castle
20:25
Imperial
—
| APM avg | 25.9 |
| APM peak | 64 |
| eAPM avg | 12.8 |
| Villagers / military | 66 / 38 |
Focus
⚔️ 20.9% · 🌾 79.1%
Knight ×31 · Scout Cavalry ×6 · Monk ×1
Feudal
10:47
Castle
21:29
Imperial
—
| APM avg | 34.2 |
| APM peak | 54 |
| eAPM avg | 17.2 |
| Villagers / military | 117 / 47 |
Focus
⚔️ 24.3% · 🌾 75.7%
Knight ×28 · Scout Cavalry ×9 · Battering Ram ×7 · Spearman ×3
Feudal
14:01
Castle
19:22
Imperial
—
| APM avg | 37.2 |
| APM peak | 68 |
| eAPM avg | 18.0 |
| Villagers / military | 96 / 53 |
Focus
⚔️ 23.7% · 🌾 76.3%
Cavalry Archer ×31 · Spearman ×10 · Knight ×9 · Monk ×3
Feudal
11:07
Castle
24:42
Imperial
—
| APM avg | 48.9 |
| APM peak | 90 |
| eAPM avg | 24.2 |
| Villagers / military | 108 / 40 |
Focus
⚔️ 31.2% · 🌾 68.8%
Mangudai ×12 · Spearman ×11 · Monk ×5 · Archer ×5 · Skirmisher ×4 · Camel Scout ×2
Match map
Initial resources + every placement click. Lines = walls · curves = elevation contours. ◆ gold · ⬟ stone · ● berries · ✦ relic · ◌ wall gap
Your base· Open — 14t gap
LMG_Leonardo's base· Open — 7t gap
LMG_HERA DE TEMU's base· Open — unwalled flank
El Gran Khan's base· Open — unwalled flank
Smoothed initial terrain · ◌ = detected wall gap · hover for details
Inputs per minute
— Acero08 - - LMG_Leonardo
Build order — Acero08
First 150 of 187 actions detected
| 0:25 | Build | Town Center |
| 2:24 | Build | House |
| 2:40 | Queue | Villager (Male) |
| 2:40 | Queue | Villager (Male) |
| 2:40 | Queue | Villager (Male) |
| 2:41 | Queue | Villager (Male) |
| 3:36 | Queue | Villager (Male) |
| 3:36 | Queue | Villager (Male) |
| 4:13 | Queue | Villager (Male) |
| 4:13 | Queue | Villager (Male) |
| 4:30 | Build | Lumber Camp |
| 4:37 | Build | House |
| 5:10 | Queue | Villager (Male) |
| 5:11 | Queue | Villager (Male) |
| 5:11 | Queue | Villager (Male) |
| 5:36 | Queue | Villager (Male) |
| 6:13 | Queue | Villager (Male) |
| 6:13 | Queue | Villager (Male) |
| 6:13 | Queue | Villager (Male) |
| 6:22 | Build | House |
| 6:51 | Queue | Villager (Male) |
| 6:51 | Queue | Villager (Male) |
| 7:33 | Queue | Villager (Male) |
| 7:33 | Queue | Villager (Male) |
| 7:33 | Queue | Villager (Male) |
| 7:53 | Build | Mill |
| 8:46 | Build | Mill |
| 9:05 | Research | Loom |
| 9:10 | Build | House |
| 9:43 | Research | Feudal Age |
| 9:43 | Research | Feudal Age |
| 9:49 | Build | Palisade Wall |
| 11:33 | Queue | Villager (Male) |
| 11:34 | Queue | Villager (Male) |
| 11:50 | Build | House |
| 11:56 | Age | Feudal Age |
| 12:00 | Build | Stable |
| 12:12 | Research | Double-Bit Axe |
| 12:42 | Queue | Villager (Male) |
| 12:46 | Research | Horse Collar |
| 12:59 | Queue | Scout Cavalry |
| 13:00 | Queue | Scout Cavalry |
| 13:00 | Queue | Scout Cavalry |
| 13:23 | Queue | Villager (Male) |
| 13:23 | Queue | Villager (Male) |
| 13:36 | Build | House |
| 13:56 | Build | Farm |
| 14:01 | Build | Farm |
| 14:10 | Build | Palisade Wall |
| 14:17 | Build | Farm |
| 14:29 | Queue | Scout Cavalry |
| 14:38 | Queue | Villager (Male) |
| 14:44 | Build | Farm |
| 14:45 | Build | Farm |
| 15:13 | Build | Farm |
| 15:19 | Queue | Villager (Male) |
| 15:27 | Queue | Villager (Male) |
| 15:31 | Build | Farm |
| 16:23 | Queue | Villager (Male) |
| 16:40 | Build | Farm |
| 17:10 | Build | House |
| 17:22 | Build | Palisade Gate |
| 17:24 | Build | Palisade Wall |
| 17:45 | Research | Castle Age |
| 17:56 | Build | Blacksmith |
| 18:03 | Build | House |
| 18:26 | Research | Bloodlines |
| 18:26 | Research | Bloodlines |
| 18:37 | Build | Stable |
| 19:03 | Queue | Scout Cavalry |
| 19:37 | Research | Scale Barding Armor |
| 19:38 | Research | Scale Barding Armor |
| 20:18 | Queue | Scout Cavalry |
| 20:25 | Age | Castle Age |
| 20:28 | Research | Light Cavalry (upgrade) |
| 20:30 | Queue | Villager (Male) |
| 20:40 | Build | Town Center |
| 20:42 | Queue | Villager (Male) |
| 21:00 | Queue | Knight |
| 21:05 | Build | Farm |
| 21:27 | Queue | Knight |
| 21:35 | Queue | Villager (Male) |
| 21:41 | Build | House |
| 21:43 | Build | House |
| 22:10 | Queue | Villager (Male) |
| 22:19 | Build | Town Center |
| 22:26 | Queue | Villager (Male) |
| 22:28 | Queue | Knight |
| 22:46 | Queue | Knight |
| 23:02 | Queue | Knight |
| 23:29 | Build | House |
| 23:38 | Queue | Knight |
| 23:55 | Queue | Knight |
| 23:55 | Queue | Knight |
| 24:03 | Build | House |
| 24:07 | Build | House |
| 24:22 | Queue | Villager (Male) |
| 24:32 | Queue | Knight |
| 24:33 | Queue | Knight |
| 24:51 | Queue | Villager (Male) |
| 25:17 | Build | Monastery |
| 25:21 | Queue | Villager (Male) |
| 25:22 | Queue | Villager (Male) |
| 25:37 | Build | Town Center |
| 25:41 | Queue | Villager (Male) |
| 26:03 | Build | Market |
| 26:07 | Queue | Monk |
| 26:10 | Queue | Villager (Male) |
| 26:11 | Queue | Villager (Male) |
| 26:28 | Queue | Villager (Male) |
| 26:49 | Queue | Knight |
| 26:54 | Build | House |
| 27:23 | Queue | Villager (Male) |
| 27:25 | Build | Farm |
| 27:26 | Build | Farm |
| 27:41 | Queue | Villager (Male) |
| 27:55 | Research | Herbal Medicine |
| 27:56 | Queue | Villager (Male) |
| 28:27 | Research | Husbandry |
| 28:29 | Queue | Villager (Male) |
| 28:34 | Build | Farm |
| 28:38 | Build | Farm |
| 28:38 | Build | Farm |
| 28:38 | Build | Farm |
| 28:38 | Build | Farm |
| 28:41 | Build | Farm |
| 28:46 | Queue | Knight |
| 28:46 | Queue | Knight |
| 29:06 | Queue | Villager (Male) |
| 29:06 | Queue | Villager (Male) |
| 29:27 | Build | House |
| 29:28 | Build | House |
| 29:31 | Research | Town Watch |
| 29:51 | Build | Castle |
| 30:00 | Queue | Knight |
| 30:00 | Queue | Knight |
| 30:01 | Queue | Villager (Male) |
| 30:01 | Queue | Villager (Male) |
| 30:17 | Build | House |
| 30:19 | Queue | Villager (Male) |
| 30:23 | Queue | Villager (Male) |
| 30:23 | Queue | Villager (Male) |
| 30:28 | Build | Farm |
| 30:32 | Build | Farm |
| 30:34 | Build | Farm |
| 30:53 | Queue | Villager (Male) |
| 30:53 | Queue | Villager (Male) |
| 31:16 | Queue | Knight |
| 31:16 | Queue | Knight |
| 31:17 | Queue | Knight |
Build order — LMG_Leonardo
First 150 of 253 actions detected
| 0:10 | Build | Town Center |
| 2:10 | Build | House |
| 2:22 | Queue | Villager (Male) |
| 2:22 | Queue | Villager (Male) |
| 2:22 | Queue | Villager (Male) |
| 2:23 | Queue | Villager (Male) |
| 2:23 | Queue | Villager (Male) |
| 2:34 | Build | House |
| 3:24 | Build | House |
| 3:38 | Build | House |
| 3:49 | Queue | Villager (Male) |
| 3:49 | Queue | Villager (Male) |
| 3:54 | Build | House |
| 4:04 | Queue | Villager (Male) |
| 4:04 | Queue | Villager (Male) |
| 4:40 | Queue | Villager (Male) |
| 4:41 | Queue | Villager (Male) |
| 4:46 | Build | Lumber Camp |
| 5:14 | Queue | Villager (Male) |
| 5:14 | Queue | Villager (Male) |
| 5:40 | Queue | Villager (Male) |
| 5:40 | Queue | Villager (Male) |
| 6:41 | Queue | Villager (Male) |
| 6:42 | Queue | Villager (Male) |
| 6:42 | Queue | Villager (Male) |
| 6:58 | Queue | Villager (Male) |
| 6:59 | Research | Loom |
| 7:02 | Build | Mill |
| 8:12 | Build | House |
| 8:37 | Research | Feudal Age |
| 8:37 | Research | Feudal Age |
| 9:15 | Build | House |
| 9:24 | Queue | Villager (Male) |
| 9:25 | Queue | Villager (Male) |
| 9:59 | Build | Barracks |
| 10:47 | Age | Feudal Age |
| 10:49 | Build | Stable |
| 10:55 | Research | Double-Bit Axe |
| 10:55 | Research | Double-Bit Axe |
| 11:20 | Queue | Villager (Male) |
| 11:29 | Build | House |
| 11:31 | Build | House |
| 11:35 | Build | Palisade Wall |
| 11:37 | Build | Palisade Wall |
| 11:40 | Queue | Villager (Male) |
| 11:44 | Queue | Scout Cavalry |
| 11:45 | Queue | Scout Cavalry |
| 11:46 | Queue | Scout Cavalry |
| 12:08 | Queue | Villager (Male) |
| 12:30 | Build | Stable |
| 12:49 | Queue | Scout Cavalry |
| 12:50 | Queue | Villager (Male) |
| 12:52 | Queue | Villager (Male) |
| 13:08 | Build | House |
| 13:19 | Queue | Scout Cavalry |
| 13:20 | Queue | Scout Cavalry |
| 13:20 | Queue | Scout Cavalry |
| 13:25 | Build | House |
| 13:47 | Queue | Villager (Male) |
| 13:47 | Queue | Villager (Male) |
| 13:52 | Build | Mill |
| 14:13 | Queue | Villager (Male) |
| 14:14 | Queue | Villager (Male) |
| 14:29 | Queue | Villager (Male) |
| 14:30 | Queue | Villager (Male) |
| 14:33 | Build | Blacksmith |
| 14:35 | Build | House |
| 14:36 | Build | House |
| 14:37 | Build | House |
| 14:45 | Queue | Villager (Male) |
| 14:46 | Queue | Villager (Male) |
| 15:13 | Research | Wheelbarrow |
| 15:58 | Queue | Villager (Male) |
| 15:58 | Queue | Villager (Male) |
| 16:33 | Queue | Villager (Male) |
| 16:44 | Build | Mill |
| 17:19 | Queue | Villager (Male) |
| 17:19 | Queue | Villager (Male) |
| 17:27 | Build | Market |
| 17:31 | Build | Mining Camp |
| 17:39 | Queue | Spearman |
| 17:39 | Queue | Spearman |
| 18:20 | Queue | Spearman |
| 18:43 | Research | Castle Age |
| 20:01 | Research | Bloodlines |
| 20:05 | Build | Stable |
| 20:07 | Build | Stable |
| 20:14 | Research | Scale Barding Armor |
| 20:47 | Queue | Villager (Male) |
| 20:47 | Queue | Villager (Male) |
| 21:16 | Queue | Villager (Male) |
| 21:16 | Queue | Villager (Male) |
| 21:29 | Age | Castle Age |
| 21:29 | Research | Chain Barding Armor |
| 21:31 | Research | Gold Mining |
| 21:31 | Research | Gold Mining |
| 21:38 | Queue | Villager (Male) |
| 21:39 | Queue | Villager (Male) |
| 21:39 | Queue | Villager (Male) |
| 21:39 | Queue | Villager (Male) |
| 21:44 | Queue | Knight |
| 21:46 | Queue | Villager (Male) |
| 21:47 | Queue | Knight |
| 21:47 | Queue | Knight |
| 21:47 | Queue | Knight |
| 22:10 | Queue | Villager (Male) |
| 22:31 | Build | Town Center |
| 22:35 | Queue | Knight |
| 22:36 | Queue | Knight |
| 22:36 | Queue | Knight |
| 22:38 | Queue | Villager (Male) |
| 22:38 | Queue | Villager (Male) |
| 22:38 | Queue | Villager (Male) |
| 23:02 | Build | Mill |
| 23:13 | Build | House |
| 23:14 | Build | House |
| 23:15 | Build | House |
| 23:15 | Build | House |
| 23:38 | Queue | Villager (Male) |
| 23:38 | Queue | Villager (Male) |
| 23:43 | Research | Light Cavalry (upgrade) |
| 23:44 | Queue | Scout Cavalry |
| 23:44 | Queue | Scout Cavalry |
| 24:16 | Queue | Villager (Male) |
| 24:17 | Queue | Villager (Male) |
| 24:17 | Queue | Villager (Male) |
| 24:17 | Queue | Villager (Male) |
| 24:28 | Queue | Villager (Male) |
| 24:49 | Queue | Knight |
| 24:49 | Queue | Knight |
| 25:10 | Queue | Villager (Male) |
| 25:10 | Queue | Villager (Male) |
| 25:13 | Queue | Knight |
| 25:13 | Queue | Knight |
| 25:45 | Queue | Villager (Male) |
| 25:46 | Queue | Villager (Male) |
| 25:46 | Queue | Villager (Male) |
| 25:46 | Queue | Villager (Male) |
| 26:04 | Build | Siege Workshop |
| 26:06 | Queue | Villager (Male) |
| 26:07 | Queue | Villager (Male) |
| 26:07 | Queue | Villager (Male) |
| 26:23 | Build | Town Center |
| 26:54 | Queue | Villager (Male) |
| 26:54 | Queue | Villager (Male) |
| 26:54 | Queue | Villager (Male) |
| 27:06 | Build | Farm |
| 27:07 | Build | Farm |
| 27:07 | Build | Farm |
| 27:07 | Build | Farm |
Build order — LMG_HERA DE TEMU
First 150 of 232 actions detected
| 0:06 | Build | Town Center |
| 2:29 | Queue | Villager (Male) |
| 2:29 | Queue | Villager (Male) |
| 2:30 | Queue | Villager (Male) |
| 2:33 | Queue | Villager (Male) |
| 4:20 | Queue | Villager (Male) |
| 4:21 | Queue | Villager (Male) |
| 4:21 | Queue | Villager (Male) |
| 4:39 | Build | Lumber Camp |
| 4:42 | Queue | Villager (Male) |
| 4:42 | Queue | Villager (Male) |
| 5:01 | Queue | Villager (Male) |
| 5:01 | Queue | Villager (Male) |
| 5:22 | Research | Loom |
| 5:35 | Queue | Villager (Male) |
| 5:36 | Queue | Villager (Male) |
| 5:36 | Queue | Villager (Male) |
| 6:10 | Queue | Villager (Male) |
| 6:10 | Queue | Villager (Male) |
| 7:09 | Queue | Villager (Male) |
| 7:09 | Queue | Villager (Male) |
| 7:16 | Build | Mill |
| 8:00 | Queue | Villager (Male) |
| 8:00 | Queue | Villager (Male) |
| 8:14 | Queue | Villager (Male) |
| 8:14 | Queue | Villager (Male) |
| 9:41 | Queue | Villager (Male) |
| 9:41 | Queue | Villager (Male) |
| 9:55 | Build | Mill |
| 9:57 | Queue | Villager (Male) |
| 9:57 | Queue | Villager (Male) |
| 10:48 | Queue | Villager (Male) |
| 11:40 | Build | Mining Camp |
| 11:47 | Research | Feudal Age |
| 12:59 | Build | Palisade Wall |
| 13:07 | Build | Barracks |
| 13:22 | Build | Palisade Gate |
| 13:29 | Build | Palisade Wall |
| 13:45 | Queue | Villager (Male) |
| 13:45 | Queue | Villager (Male) |
| 14:01 | Age | Feudal Age |
| 14:18 | Build | Palisade Wall |
| 14:28 | Build | Stable |
| 14:49 | Build | Palisade Wall |
| 15:01 | Build | Palisade Wall |
| 15:13 | Queue | Spearman |
| 15:14 | Queue | Spearman |
| 15:22 | Queue | Villager (Male) |
| 15:25 | Build | Blacksmith |
| 16:10 | Queue | Spearman |
| 16:10 | Queue | Spearman |
| 16:42 | Research | Castle Age |
| 17:02 | Research | Gold Mining |
| 17:18 | Research | Double-Bit Axe |
| 18:12 | Build | Archery Range |
| 18:14 | Build | Archery Range |
| 18:40 | Research | Fletching |
| 18:43 | Research | Bloodlines |
| 19:01 | Queue | Spearman |
| 19:01 | Queue | Spearman |
| 19:22 | Age | Castle Age |
| 19:25 | Research | Wheelbarrow |
| 19:51 | Queue | Cavalry Archer |
| 19:51 | Queue | Cavalry Archer |
| 20:22 | Research | Bodkin Arrow |
| 20:22 | Research | Husbandry |
| 20:32 | Build | Town Center |
| 20:35 | Queue | Knight |
| 20:36 | Queue | Knight |
| 21:37 | Build | Farm |
| 21:38 | Build | Farm |
| 21:39 | Build | Farm |
| 21:40 | Build | Farm |
| 21:54 | Queue | Cavalry Archer |
| 21:55 | Queue | Cavalry Archer |
| 21:58 | Queue | Villager (Male) |
| 21:58 | Queue | Villager (Male) |
| 22:10 | Build | Farm |
| 22:14 | Build | Farm |
| 22:16 | Build | Farm |
| 22:20 | Queue | Villager (Male) |
| 22:20 | Queue | Villager (Male) |
| 22:44 | Build | Farm |
| 22:48 | Queue | Villager (Male) |
| 22:48 | Queue | Villager (Male) |
| 23:16 | Queue | Cavalry Archer |
| 23:17 | Queue | Cavalry Archer |
| 23:17 | Queue | Cavalry Archer |
| 23:19 | Queue | Knight |
| 23:19 | Queue | Knight |
| 24:03 | Research | Husbandry |
| 24:07 | Queue | Villager (Male) |
| 24:07 | Queue | Villager (Male) |
| 24:14 | Build | Farm |
| 24:15 | Build | Farm |
| 24:15 | Build | Farm |
| 24:15 | Build | Farm |
| 24:16 | Build | Farm |
| 24:16 | Build | Farm |
| 24:28 | Queue | Villager (Male) |
| 24:28 | Queue | Villager (Male) |
| 24:38 | Build | Palisade Wall |
| 24:45 | Queue | Villager (Male) |
| 24:45 | Queue | Villager (Male) |
| 24:45 | Queue | Villager (Male) |
| 24:47 | Queue | Cavalry Archer |
| 24:47 | Queue | Cavalry Archer |
| 24:48 | Queue | Cavalry Archer |
| 24:48 | Queue | Cavalry Archer |
| 24:48 | Queue | Cavalry Archer |
| 24:49 | Queue | Cavalry Archer |
| 25:17 | Build | Archery Range |
| 25:22 | Research | Town Watch |
| 25:30 | Build | Outpost |
| 25:33 | Queue | Knight |
| 25:33 | Queue | Knight |
| 25:34 | Queue | Cavalry Archer |
| 25:34 | Queue | Cavalry Archer |
| 25:38 | Queue | Villager (Male) |
| 25:38 | Queue | Villager (Male) |
| 25:39 | Queue | Villager (Male) |
| 25:49 | Build | Farm |
| 25:51 | Build | Farm |
| 25:54 | Queue | Villager (Male) |
| 25:54 | Queue | Villager (Male) |
| 25:55 | Queue | Villager (Male) |
| 26:06 | Build | Outpost |
| 26:29 | Research | Scale Barding Armor |
| 26:35 | Build | Farm |
| 26:36 | Build | Farm |
| 26:39 | Queue | Villager (Male) |
| 26:40 | Queue | Villager (Male) |
| 26:40 | Queue | Villager (Male) |
| 26:49 | Build | Outpost |
| 26:56 | Queue | Villager (Male) |
| 26:57 | Queue | Villager (Male) |
| 26:57 | Queue | Villager (Male) |
| 27:31 | Queue | Villager (Male) |
| 27:32 | Queue | Villager (Male) |
| 27:32 | Queue | Villager (Male) |
| 27:39 | Research | Forging |
| 27:42 | Queue | Villager (Male) |
| 27:42 | Queue | Villager (Male) |
| 27:42 | Queue | Villager (Male) |
| 27:49 | Build | Outpost |
| 27:52 | Queue | Cavalry Archer |
| 27:52 | Queue | Cavalry Archer |
| 27:53 | Queue | Cavalry Archer |
| 27:53 | Queue | Cavalry Archer |
| 28:06 | Build | Market |
Build order — El Gran Khan
First 150 of 253 actions detected
| 0:40 | Build | Town Center |
| 2:17 | Build | House |
| 2:42 | Queue | Villager (Male) |
| 2:42 | Queue | Villager (Male) |
| 2:42 | Queue | Villager (Male) |
| 2:42 | Queue | Villager (Male) |
| 2:42 | Queue | Villager (Male) |
| 3:24 | Build | House |
| 3:36 | Queue | Villager (Male) |
| 3:36 | Queue | Villager (Male) |
| 4:18 | Queue | Villager (Male) |
| 4:35 | Queue | Villager (Male) |
| 4:35 | Queue | Villager (Male) |
| 5:05 | Build | Lumber Camp |
| 5:29 | Queue | Villager (Male) |
| 5:29 | Queue | Villager (Male) |
| 5:29 | Queue | Villager (Male) |
| 5:43 | Build | House |
| 5:44 | Queue | Villager (Male) |
| 5:44 | Queue | Villager (Male) |
| 5:56 | Build | House |
| 6:21 | Queue | Villager (Male) |
| 6:24 | Queue | Villager (Male) |
| 6:24 | Queue | Villager (Male) |
| 6:24 | Queue | Villager (Male) |
| 6:50 | Build | Palisade Wall |
| 6:54 | Queue | Villager (Male) |
| 6:55 | Queue | Villager (Male) |
| 7:15 | Queue | Villager (Male) |
| 7:15 | Queue | Villager (Male) |
| 7:37 | Queue | Villager (Male) |
| 7:50 | Queue | Villager (Male) |
| 7:50 | Queue | Villager (Male) |
| 7:50 | Queue | Villager (Male) |
| 7:59 | Build | Mill |
| 8:03 | Queue | Villager (Male) |
| 8:03 | Queue | Villager (Male) |
| 8:31 | Queue | Villager (Male) |
| 8:55 | Research | Feudal Age |
| 8:57 | Research | Loom |
| 9:13 | Queue | Villager (Male) |
| 10:45 | Queue | Villager (Male) |
| 10:48 | Build | Barracks |
| 11:07 | Age | Feudal Age |
| 11:27 | Research | Double-Bit Axe |
| 11:35 | Queue | Spearman |
| 11:38 | Queue | Villager (Male) |
| 11:38 | Queue | Villager (Male) |
| 11:53 | Build | Palisade Wall |
| 11:54 | Build | Palisade Wall |
| 11:59 | Build | Palisade Wall |
| 12:03 | Queue | Spearman |
| 12:04 | Queue | Villager (Male) |
| 12:07 | Research | Horse Collar |
| 12:07 | Research | Horse Collar |
| 12:18 | Queue | Villager (Male) |
| 12:26 | Queue | Villager (Male) |
| 12:36 | Build | Mill |
| 12:37 | Queue | Villager (Male) |
| 12:43 | Queue | Spearman |
| 12:49 | Queue | Villager (Male) |
| 12:49 | Queue | Villager (Male) |
| 12:57 | Queue | Villager (Male) |
| 13:11 | Build | House |
| 13:15 | Build | House |
| 13:18 | Build | House |
| 13:20 | Build | Palisade Wall |
| 13:22 | Queue | Villager (Male) |
| 13:22 | Queue | Villager (Male) |
| 13:28 | Research | Wheelbarrow |
| 13:36 | Build | Palisade Wall |
| 13:41 | Build | Palisade Wall |
| 13:47 | Build | Stable |
| 13:56 | Queue | Villager (Male) |
| 13:57 | Queue | Villager (Male) |
| 14:14 | Queue | Villager (Male) |
| 14:35 | Build | Palisade Wall |
| 14:36 | Queue | Villager (Male) |
| 14:36 | Queue | Villager (Male) |
| 14:40 | Queue | Scout Cavalry |
| 14:47 | Queue | Villager (Male) |
| 14:58 | Queue | Spearman |
| 15:11 | Build | Farm |
| 15:15 | Build | Palisade Gate |
| 15:21 | Build | Palisade Wall |
| 15:23 | Build | Palisade Wall |
| 15:24 | Build | Palisade Wall |
| 15:33 | Build | Palisade Gate |
| 15:44 | Queue | Villager (Male) |
| 15:46 | Queue | Spearman |
| 15:46 | Queue | Spearman |
| 16:04 | Queue | Villager (Male) |
| 16:04 | Queue | Villager (Male) |
| 16:22 | Queue | Villager (Male) |
| 16:23 | Queue | Villager (Male) |
| 16:27 | Build | Palisade Wall |
| 17:10 | Queue | Villager (Male) |
| 17:10 | Queue | Villager (Male) |
| 17:24 | Build | Farm |
| 17:24 | Build | Farm |
| 17:25 | Build | Farm |
| 17:25 | Build | Farm |
| 17:25 | Build | Farm |
| 17:25 | Build | Farm |
| 17:28 | Queue | Villager (Male) |
| 17:54 | Build | House |
| 17:55 | Build | Palisade Wall |
| 17:57 | Queue | Villager (Male) |
| 18:16 | Queue | Villager (Male) |
| 18:23 | Build | Blacksmith |
| 18:28 | Build | Market |
| 18:32 | Build | House |
| 18:35 | Build | Palisade Wall |
| 18:36 | Build | Palisade Wall |
| 18:49 | Queue | Villager (Male) |
| 19:11 | Queue | Villager (Male) |
| 19:30 | Build | Mining Camp |
| 19:36 | Build | Mining Camp |
| 19:43 | Queue | Villager (Male) |
| 19:57 | Queue | Villager (Male) |
| 20:21 | Queue | Villager (Male) |
| 20:32 | Build | Palisade Wall |
| 20:36 | Build | Mining Camp |
| 20:37 | Queue | Villager (Male) |
| 21:18 | Queue | Villager (Male) |
| 21:36 | Build | Archery Range |
| 22:02 | Research | Castle Age |
| 22:02 | Research | Castle Age |
| 22:17 | Build | Stone Wall |
| 22:35 | Research | Padded Archer Armor |
| 22:36 | Queue | Skirmisher |
| 22:36 | Queue | Skirmisher |
| 22:36 | Queue | Skirmisher |
| 23:05 | Queue | Villager (Male) |
| 23:08 | Queue | Skirmisher |
| 23:57 | Queue | Villager (Male) |
| 23:57 | Queue | Villager (Male) |
| 24:25 | Queue | Villager (Male) |
| 24:42 | Age | Castle Age |
| 24:42 | Build | House |
| 24:47 | Build | Stone Wall |
| 24:51 | Build | Stone Wall |
| 24:53 | Build | Stone Wall |
| 25:04 | Build | Stone Wall |
| 25:06 | Queue | Villager (Male) |
| 25:06 | Queue | Villager (Male) |
| 25:06 | Queue | Villager (Male) |
| 25:11 | Build | Stone Wall |
| 25:17 | Build | Stone Wall |
| 25:20 | Build | Stone Wall |
Match timeline
| 6:50 | El Gran Khan · wall_segment Palisade Wall x1 |
| 9:49 | Acero08 · wall_segment Palisade Wall x7 |
| 9:59 | LMG_Leonardo · first_building Barracks |
| 10:47 | LMG_Leonardo · age_up feudal |
| 10:48 | El Gran Khan · first_building Barracks |
| 10:49 | LMG_Leonardo · first_building Stable |
| 11:07 | El Gran Khan · age_up feudal |
| 11:35 | LMG_Leonardo · wall_segment Palisade Wall x7 |
| 11:37 | LMG_Leonardo · wall_segment Palisade Wall x5 |
| 11:53 | El Gran Khan · wall_segment Palisade Wall x3 |
| 11:54 | El Gran Khan · wall_segment Palisade Wall x1 |
| 11:56 | Acero08 · age_up feudal |
| 11:59 | El Gran Khan · wall_segment Palisade Wall x7 |
| 12:00 | Acero08 · first_building Stable |
| 12:59 | LMG_HERA DE TEMU · wall_segment Palisade Wall x1 |
| 13:07 | LMG_HERA DE TEMU · first_building Barracks |
| 13:20 | El Gran Khan · wall_segment Palisade Wall x4 |
| 13:29 | LMG_HERA DE TEMU · wall_segment Palisade Wall x1 |
| 13:36 | El Gran Khan · wall_segment Palisade Wall x6 |
| 13:41 | El Gran Khan · wall_segment Palisade Wall x9 |
| 13:47 | El Gran Khan · first_building Stable |
| 14:01 | LMG_HERA DE TEMU · age_up feudal |
| 14:10 | Acero08 · wall_segment Palisade Wall x6 |
| 14:18 | LMG_HERA DE TEMU · wall_segment Palisade Wall x1 |
| 14:28 | LMG_HERA DE TEMU · first_building Stable |
| 14:35 | El Gran Khan · wall_segment Palisade Wall x27 |
| 14:49 | LMG_HERA DE TEMU · wall_segment Palisade Wall x1 |
| 15:01 | LMG_HERA DE TEMU · wall_segment Palisade Wall x1 |
| 15:21 | El Gran Khan · wall_segment Palisade Wall x7 |
| 15:23 | El Gran Khan · wall_segment Palisade Wall x1 |
| 15:24 | El Gran Khan · wall_segment Palisade Wall x1 |
| 16:27 | El Gran Khan · wall_segment Palisade Wall x1 |
| 17:24 | Acero08 · wall_segment Palisade Wall x3 |
| 17:55 | El Gran Khan · wall_segment Palisade Wall x5 |
| 18:12 | LMG_HERA DE TEMU · first_building Archery Range |
| 18:35 | El Gran Khan · wall_segment Palisade Wall x1 |
| 18:36 | El Gran Khan · wall_segment Palisade Wall x1 |
| 18:39 | LMG_Leonardo · first_market_sell 100 wood |
| 19:22 | LMG_HERA DE TEMU · age_up castle |
| 20:25 | Acero08 · age_up castle |
| 20:32 | El Gran Khan · wall_segment Palisade Wall x7 |
| 21:29 | LMG_Leonardo · age_up castle |
| 21:36 | El Gran Khan · first_building Archery Range |
| 21:45 | El Gran Khan · first_market_sell 100 wood |
| 22:17 | El Gran Khan · wall_segment Stone Wall x27 |
| 24:38 | LMG_HERA DE TEMU · wall_segment Palisade Wall x2 |
| 24:42 | El Gran Khan · age_up castle |
| 24:47 | El Gran Khan · wall_segment Stone Wall x1 |
| 24:51 | El Gran Khan · wall_segment Stone Wall x1 |
| 24:53 | El Gran Khan · wall_segment Stone Wall x1 |
| 25:04 | El Gran Khan · wall_segment Stone Wall x1 |
| 25:11 | El Gran Khan · wall_segment Stone Wall x1 |
| 25:17 | El Gran Khan · wall_segment Stone Wall x1 |
| 25:17 | Acero08 · first_building Monastery |
| 25:20 | El Gran Khan · wall_segment Stone Wall x1 |
| 25:24 | El Gran Khan · wall_segment Stone Wall x1 |
| 25:35 | El Gran Khan · wall_segment Stone Wall x1 |
| 25:58 | El Gran Khan · wall_segment Stone Wall x1 |
| 26:04 | LMG_Leonardo · first_building Siege Workshop |
| 26:12 | El Gran Khan · wall_segment Stone Wall x1 |
| 26:43 | El Gran Khan · wall_segment Stone Wall x6 |
| 27:04 | El Gran Khan · first_building Castle |
| 27:13 | Acero08 · first_market_buy 100 wood |
| 28:51 | El Gran Khan · wall_segment Stone Wall x4 |
| 28:52 | LMG_HERA DE TEMU · first_market_buy 100 stone |
| 29:01 | LMG_HERA DE TEMU · wall_segment Palisade Wall x1 |
| 29:02 | El Gran Khan · first_building Monastery |
| 29:51 | Acero08 · first_building Castle |
| 33:13 | LMG_HERA DE TEMU · first_building Monastery |
| 34:44 | LMG_Leonardo · first_building Monastery |
| 34:45 | El Gran Khan · resign |
[ AI ANALYSIS · 1 CREDIT ]
What really happened in this match?
Wolo.gg analyzes every decision: build order, eco, micro, common mistakes by bracket. Personalized analysis on WhatsApp or Discord in 30 seconds.
Civ guide
Khmer
Perfil
Jugador #449476